 Dungeon Crawl Stone Soup version 0.24-a0-581-gc0fa6600bf (webtiles) character file.

Game seed: 15822954788516476497

35960 Ijustatesigmund the Blocker (level 13, -5/104 HPs)
             Began as a Gnoll Fighter on Aug 23, 2019.
             Was a High Priest of Okawaru.
             Slain by a white ugly thing (26 damage)
             ... on level 14 of the Dungeon.
             The game lasted 00:39:14 (14175 turns).

Ijustatesigmund the Blocker (Gnoll Fighter)        Turns: 14175, Time: 00:39:16

Health: -5/104     AC: 18    Str: 27    XL:     13   Next: 87%
Magic:  18/25      EV: 26    Int: 11    God:    Okawaru [*****.]
Gold:   801        SH: 17    Dex: 26    Spells: 21/29 levels left

rFire    x . .     SeeInvis +   J - +8 eveningstar "Daudedac" {freeze, rPois rF- rN+}
rCold    . . .     Gourm    .   c - +1 shield
rNeg     + . .     Faith    .   L - +3 leather armour of the Cicada {MR- Str+9 Dex+2 SInv}
rPois    +         Spirit   .   H - +0 hat "Gosorrek" {rElec Regen+ rCorr Slay+4}
rElec    +         Reflect  .   G - +2 cloak
rCorr    +         Harm     .   q - +0 pair of gloves "Zuesuph" {rElec rC- SInv}
MR       .....                  z - +1 pair of boots
Stlth    ++++++....             n - amulet of rage
HPRegen  0.67/turn              s - ring of wizardry
MPRegen  0.19/turn              k - +4 ring of dexterity

@: heroism, finesse
A: distributed training, fangs 1, thin metallic scales 1, cold resistance 1,
poison resistance, screaming 1, strong nose
a: Heroism, Finesse, Renounce Religion, Evoke Berserk Rage


You were on level 14 of the Dungeon.
You worshipped Okawaru.
Okawaru was extremely pleased with you.
You were not hungry.

You visited 1 branch of the dungeon, and saw 15 of its levels.
You also visited: Sewer.

You collected 801 gold pieces.

Inventory:

Hand Weapons
 t - a +5 morningstar
 J - the +8 eveningstar "Daudedac" (weapon) {freeze, rPois rF- rN+}
   (Okawaru gifted it to you on level 11 of the Dungeon)

   It has been specially enchanted to freeze those struck by it, causing extra
   injury to most foes and up to half again as much damage against particularly
   susceptible opponents.
   It can also slow down cold-blooded creatures.
   It makes you vulnerable to fire.
   It protects you from poison.
   It protects you from negative energy.
 O - a +1 broad axe of venom
Missiles
 I - 2 throwing nets (quivered)
Armour
 c - a +1 shield (worn)
 q - the +0 pair of gloves "Zuesuph" (worn) {rElec rC- SInv}
   (You found it on level 5 of the Dungeon)

   It makes you vulnerable to cold.
   It insulates you from electricity.
   It lets you see invisible.
 z - a +1 pair of boots (worn)
 G - a +2 cloak (worn)
 H - the +0 hat "Gosorrek" (worn) {rElec Regen+ rCorr Slay+4}
   (You found it on level 9 of the Dungeon)

   It affects your accuracy and damage with ranged weapons and melee attacks
   (+4).
   It insulates you from electricity.
   It increases your rate of regeneration.
   It provides partial protection from all sources of acid and corrosion.
 L - the +3 leather armour of the Cicada (worn) {MR- Str+9 Dex+2 SInv}
   (You found it on level 12 of the Dungeon)

   It affects your strength (+9).
   It affects your dexterity (+2).
   It affects your resistance to hostile enchantments.
   It lets you see invisible.
Jewellery
 i - an uncursed amulet of the acrobat
 j - a +2 ring of strength
 k - a +4 ring of dexterity (right hand)
 l - an uncursed ring of see invisible
 n - an amulet of rage (around neck)
 s - a ring of wizardry (left hand)
 x - an uncursed ring of flight
Wands
 o - a wand of scattershot (5)
 y - a wand of enslavement (11)
 B - a wand of paralysis (8)
 F - a wand of acid (15)
Scrolls
 b - 2 scrolls of summoning
 h - 2 scrolls of fog
 r - 3 scrolls of remove curse
 u - 2 scrolls of immolation
 v - a scroll of fear
 w - a scroll of magic mapping
 E - a scroll of amnesia
 K - 4 scrolls of identify
 M - a scroll of enchant weapon
 P - a scroll of enchant armour
Potions
 a - 2 potions of lignification
 d - a potion of might
 e - 9 potions of flight
 g - 6 potions of curing
 m - a potion of brilliance
 p - a potion of mutation
 A - a potion of ambrosia
 C - a potion of magic {unknown}
 D - 3 potions of cancellation
 N - 3 potions of heal wounds
Comestibles
 f - 22 rations
 Q - 5 chunks of flesh


   Skills:
 + Level 10.6(15.6) Fighting
 + Level 8.5(13.5) Short Blades
 + Level 8.5(13.5) Long Blades
 + Level 8.5(13.5) Axes
 + Level 9.7(14.7) Maces & Flails
 + Level 8.5(13.5) Polearms
 + Level 8.5(13.5) Staves
 + Level 8.5(13.5) Slings
 + Level 8.5(13.5) Bows
 + Level 8.5(13.5) Crossbows
 + Level 8.5(13.5) Throwing
 + Level 10.6(15.6) Armour
 + Level 8.5(13.5) Dodging
 + Level 8.5(13.5) Stealth
 + Level 10.6(15.6) Shields
 + Level 8.5(13.5) Unarmed Combat
 + Level 8.5 Spellcasting
 + Level 7.1 Conjurations
 + Level 7.1 Hexes
 + Level 7.1 Charms
 + Level 7.1 Summonings
 + Level 7.1 Necromancy
 + Level 7.1 Translocations
 + Level 7.1 Transmutations
 + Level 7.1 Fire Magic
 + Level 7.1 Ice Magic
 + Level 7.1 Air Magic
 + Level 7.1 Earth Magic
 + Level 7.1 Poison Magic
 + Level 9.3 Invocations
 + Level 8.5 Evocations


You had 21 spell levels left.
You knew the following spells:

 Your Spells              Type           Power        Failure   Level  Hunger
a - Apportation           Tloc           ###...       1%          1    None
b - Conjure Flame         Conj/Fire      ###.....     1%          3    ##.....
c - Lesser Beckoning      Tloc           ###.......   1%          3    ##.....
d - Summon Butterflies    Summ           ###.....     1%          1    None

Your spell library contained the following spells:

 Spells                   Type           Power        Failure   Level  Hunger
 Beastly Appendage        Tmut           ###...       1%          1    None
 Confusing Touch          Hex            ###...       1%          1    None
 Sting                    Conj/Pois      ###.         1%          1    None
 Poisonous Vapours        Pois/Air       ###...       1%          2    #......
 Sticks to Snakes         Tmut           ###.....     1%          2    #......
 Confuse                  Hex            ###.....     1%          3    ##.....
 Gell's Gravitas          Tloc           ###.......   1%          3    ##.....
 Mephitic Cloud           Conj/Pois/Air  ###.....     1%          3    ##.....
 Spider Form              Tmut/Pois      ###.......   1%          3    ##.....
 Tukima's Dance           Hex            ###.....     1%          3    ##.....
 Cause Fear               Hex            ###.......   3%          4    ####...
 Ice Form                 Ice/Tmut       ###.....     3%          4    ####...
 Olgreb's Toxic Radiance  Pois           ###.....     3%          4    ####...
 Petrify                  Tmut/Erth      ###.....     3%          4    ####...
 Summon Ice Beast         Ice/Summ       ###.....     3%          4    ####...
 Alistair's Intoxication  Tmut/Pois      ###.....     10%         5    ######.
 Blade Hands              Tmut           ###.......   10%         5    ######.
 Metabolic Englaciation   Hex/Ice        ###.......   10%         5    ######.
 Silence                  Hex/Air        ###.......   10%         5    ######.
 Venom Bolt               Conj/Pois      ###.......   10%         5    ######.
 Yara's Violent Unravell  Hex/Tmut       ###.......   10%         5    ######.
 Bolt of Cold             Conj/Ice       ###.......   45%         6    #######
 Deflect Missiles         Chrm/Air       ###.......   45%         6    #######
 Freezing Cloud           Conj/Ice/Air   ###.......   45%         6    #######
 Invisibility             Hex            ###.....     45%         6    #######
 Ozocubu's Refrigeration  Ice            ###.......   45%         6    #######
 Simulacrum               Ice/Necr       ###.......   45%         6    #######
 Ring of Flames           Chrm/Fire      ###.......   94%         7    #######
 Discord                  Hex            ###.......   100%        8    #######
 Tornado                  Air            ###.......   100%        9    #######


Dungeon Overview and Level Annotations

Branches:
Dungeon (15/15)            Temple (0/1) D:7            Lair (0/6) D:10
    Orc (0/2) D:11          Sewer (visited)
 Vaults: D:13-14     Depths: D:15

Altars:
Cheibriados
Dithmenos
Elyvilon
Gozag
Kikubaaqudgha
Makhleb
Okawaru
Qazlal
Ru
Sif Muna
Trog
Uskayaw
Xom
Beogh

Shops:
D:4 }   D:9 (


Innate Abilities, Weirdness & Mutations

Your experience applies equally to all skills.
You have very sharp teeth.
Your uncanny sense of smell can sniff out nearby items.
You are partially covered in thin metallic scales. (AC +2)
Your flesh is cold resistant. (rC+)
Your system is resistant to poisons. (rPois)
You occasionally shout uncontrollably at your foes.


Message History

The white ugly thing claws you! The white ugly thing freezes you!
* * * LOW HITPOINT WARNING * * *
The red ugly thing basks in the mutagenic energy from its kin and changes!
Evoke which item? (* to show all) (? for menu, Esc to quit)
Aiming: Corrosive Bolt
Press: ? - help, Shift-Dir - straight line, f - white ugly thing
Aim: a white ugly thing (moderately wounded)
The bolt of acid hits the white ugly thing!
The white ugly thing is splashed with acid.
The acid corrodes the white ugly thing!
The white ugly thing is severely wounded.
The bolt of acid misses the red ugly thing.
The bolt of acid hits the unseen horror!!
The unseen horror is splashed with acid.
The acid corrodes the unseen horror!
The unseen horror is severely wounded.
The white ugly thing claws you!
* * * LOW HITPOINT WARNING * * *
The white ugly thing freezes you!!
You die...

∆..#. #...# ... ...#
#.###..# #......###
#........# ..###.....#.#
........#..)###...
..y#########.#.##.....#
..uuxuu@.....#.##.....##
..u###########.##.......
###########.##......#
#........##.##......#
#........##.###.....# ∆
#........##.....<....
#........##..........
#####....##..........
#................


You could see 5 ugly things, an unseen horror (invisible) and a hornet.

Vanquished Creatures
  The ghost of Wyic the Peltast, a journeyman MiFi of Okawaru (D:14)
  A very ugly thing (D:9)
  A hydra (D:14)
  Harold (D:10)
  A yaktaur captain (D:11)
  Erica (D:8)
  4 two-headed ogres
  3 centaur warriors
  Sonja (D:13)
  A deep elf knight (D:11)
  The ghost of wazuzu the Basher, a novice DsFi of Makhleb (D:9)
  A fire crab (shapeshifter) (D:9)
  The ghost of topfpfpflanze the Digger, a novice OpEE of Makhleb (D:11)
  3 unseen horrors
  7 ugly things
  2 cyclopes (D:11)
  2 gargoyles (D:12)
  Psyche (D:10)
  7 trolls
  A meliai (D:9)
  6 slime creatures
  A hornet (D:8)
  5 hippogriffs
  A shadow (D:11)
  A spriggan (D:10)
  8 yaks
  A basilisk (D:11)
  2 wraiths
  Grum (D:10)
  7 vampire mosquitoes
  3 neqoxecs (D:9)
  An acid dragon (D:13)
  A soldier ant (D:13)
  3 wargs (D:10)
  A soldier ant (shapeshifter) (D:14)
  A porcupine (shapeshifter) (D:9)
  2 black bears (D:9)
  14 orc warriors
  2 ice beasts
  A sky beast (D:7)
  2 necrophages
  3 phantoms
  3 wolves (D:10)
  9 ogres
  18 centaurs
  3 crocodiles
  4 big kobolds
  6 bullfrogs
  A gnoll sergeant (D:11)
  A wyvern zombie (D:9)
  5 scorpions
  2 killer bees (D:11)
  7 wights
  9 howler monkeys
  4 crimson imps
  2 bullfrog zombies
  3 jellies
  10 orc priests
  2 centaur zombies (D:11)
  6 hounds
  3 centaur skeletons
  25 orc wizards
  2 iguanas
  7 worker ants
  2 killer bee zombies
  A hound skeleton (D:11)
  7 gnolls
  9 adders
  A hound simulacrum (D:9)
  A shadow imp (D:14)
  An ooze (D:2)
  2 worms
  2 dart slugs
  8 leopard geckos
  75 orcs
  10 bats
  5 giant cockroaches
  7 goblins
  12 hobgoblins
  A hobgoblin (shapeshifter) (D:9)
  9 jackals
  21 kobolds
  2 quokkas
  2 ball pythons
  A ball python skeleton (D:5)
  4 frilled lizards
  A leopard gecko skeleton (D:4)
  A quokka skeleton (D:5)
  13 rats
438 creatures vanquished.

Vanquished Creatures (collateral kills)
  A slime creature (D:13)
  An ugly thing (D:13)
2 creatures vanquished.

Vanquished Creatures (others)
  A human (D:6)
1 creature vanquished.

Grand Total: 441 creatures vanquished

Notes
Turn   | Place    | Note
-------+----------+-------------------------------------------
     0 | D:1      | Ijustatesigmund the Gnoll Fighter began the quest for the
                  | Orb.
     0 | D:1      | Reached XP level 1. HP: 23/23 MP: 1/1
    93 | D:1      | Reached XP level 2. HP: 24/29 MP: 2/2
   261 | D:1      | You fall into a shaft and drop 1 floor!
   266 | D:2      | Reached XP level 3. HP: 31/35 MP: 3/3
   356 | D:2      | Reached skill level 1 in Invocations
   722 | D:1      | Reached skill level 1 in Short Blades
   722 | D:1      | Reached skill level 1 in Long Blades
   722 | D:1      | Reached skill level 1 in Axes
   722 | D:1      | Reached skill level 1 in Polearms
   722 | D:1      | Reached skill level 1 in Staves
   722 | D:1      | Reached skill level 1 in Slings
   722 | D:1      | Reached skill level 1 in Bows
   722 | D:1      | Reached skill level 1 in Crossbows
   722 | D:1      | Reached skill level 1 in Throwing
   722 | D:1      | Reached skill level 1 in Dodging
   722 | D:1      | Reached skill level 1 in Stealth
   722 | D:1      | Reached skill level 1 in Unarmed Combat
   722 | D:1      | Reached skill level 1 in Spellcasting
   722 | D:1      | Reached skill level 1 in Evocations
   927 | D:2      | Reached XP level 4. HP: 41/41 MP: 5/5
   957 | D:2      | Found a bloodstained altar of Trog.
  1373 | D:3      | Noticed a centaur
  1578 | D:3      | Killed a centaur
  1578 | D:3      | Reached skill level 1 in Conjurations
  1578 | D:3      | Reached skill level 1 in Hexes
  1578 | D:3      | Reached skill level 1 in Charms
  1578 | D:3      | Reached skill level 1 in Summonings
  1578 | D:3      | Reached skill level 1 in Necromancy
  1578 | D:3      | Reached skill level 1 in Translocations
  1578 | D:3      | Reached skill level 1 in Transmutations
  1578 | D:3      | Reached skill level 1 in Fire Magic
  1578 | D:3      | Reached skill level 1 in Ice Magic
  1578 | D:3      | Reached skill level 1 in Air Magic
  1578 | D:3      | Reached skill level 1 in Earth Magic
  1578 | D:3      | Reached skill level 1 in Poison Magic
  1578 | D:3      | Reached XP level 5. HP: 28/47 MP: 5/7
  1848 | D:3      | Found a glowing drain.
  1863 | Sewer    | Entered a sewer
  1934 | Sewer    | Noticed a big kobold
  1990 | Sewer    | Killed a big kobold
  1990 | Sewer    | Reached XP level 6. HP: 37/53 MP: 8/8
  2023 | Sewer    | Found a white marble altar of Elyvilon.
  2214 | D:3      | Found an opulent altar of Gozag.
  2450 | D:4      | Reached skill level 5 in Maces & Flails
  2571 | D:4      | Found a burning altar of Makhleb.
  2572 | D:4      | Found a shimmering altar of Xom.
  2799 | D:4      | Reached XP level 7. HP: 53/59 MP: 10/10
  2828 | D:4      | Found Beiluull's Gadget Shop.
  3186 | D:4      | Found a shimmering blue altar of Sif Muna.
  3283 | D:5      | Entered Level 5 of the Dungeon
  3616 | D:5      | Noticed a yak
  3630 | D:5      | Killed a yak
  3630 | D:5      | Reached XP level 8. HP: 53/67 MP: 12/12
  3853 | D:5      | Got a pair of faintly humming gloves
  3859 | D:5      | Identified the cursed +0 pair of gloves "Zuesuph" {rElec
                  | rC- SInv} (You found it on level 5 of the Dungeon)
  4387 | D:6      | Found an ancient bone altar of Kikubaaqudgha.
  4855 | D:7      | Reached XP level 9. HP: 70/72 MP: 14/14
  5088 | D:7      | Found an opulent altar of Gozag.
  5134 | D:7      | Found a staircase to the Ecumenical Temple.
  5309 | D:7      | Found a sacrificial altar of Ru.
  5556 | D:8      | Noticed a +0 dagger
  5556 | D:8      | Noticed a +0 hand axe
  5558 | D:8      | Noticed a hornet
  5574 | D:8      | Paralysed by a hornet for 3 turns
  5579 | D:8      | Killed a hornet
  5583 | D:8      | Found a snail-covered altar of Cheibriados.
  5996 | D:8      | Reached skill level 5 in Invocations
  6132 | D:8      | Found a hide-covered altar of Uskayaw.
  6213 | D:8      | Found an iron altar of Okawaru.
  6217 | D:8      | Noticed Erica
  6236 | D:8      | Killed Erica
  6236 | D:8      | Reached XP level 10. HP: 29/80 MP: 15/17
  6249 | D:8      | Became a worshipper of Warmaster Okawaru
  6533 | D:8      | Got a distressingly furry scale mail
  6539 | D:8      | Identified the +2 scale mail of Somewhere Else {+Inv Int-3
                  | Stlth+} (You found it on level 8 of the Dungeon)
  6605 | D:8      | Reached skill level 5 in Short Blades
  6605 | D:8      | Reached skill level 5 in Long Blades
  6605 | D:8      | Reached skill level 5 in Axes
  6605 | D:8      | Reached skill level 5 in Polearms
  6605 | D:8      | Reached skill level 5 in Staves
  6605 | D:8      | Reached skill level 5 in Slings
  6605 | D:8      | Reached skill level 5 in Bows
  6605 | D:8      | Reached skill level 5 in Crossbows
  6605 | D:8      | Reached skill level 5 in Throwing
  6605 | D:8      | Reached skill level 5 in Dodging
  6605 | D:8      | Reached skill level 5 in Stealth
  6605 | D:8      | Reached skill level 5 in Unarmed Combat
  6605 | D:8      | Reached skill level 5 in Spellcasting
  6605 | D:8      | Reached skill level 5 in Evocations
  6769 | D:8      | Found a shadowy altar of Dithmenos.
  6769 | D:8      | Found a white marble altar of Elyvilon.
  6813 | D:9      | Found a runed translucent gate.
  6813 | D:9      | Found a runed translucent gate.
  6813 | D:9      | Noticed a green very ugly thing
  6813 | D:9      | Noticed a cyan ugly thing
  6813 | D:9      | Noticed a green ugly thing
  6813 | D:9      | Noticed a red ugly thing
  6819 | D:9      | Found a runed translucent gate.
  6935 | D:9      | Reached * piety under Okawaru
  7539 | D:9      | Noticed a two-headed ogre
  7553 | D:9      | Killed a two-headed ogre
  7553 | D:9      | Reached ** piety under Okawaru
  7775 | D:9      | Reached XP level 11. HP: 87/87 MP: 19/19
  7841 | D:9      | Got a scorched hand axe
  7842 | D:9      | Identified the +6 hand axe "Douc" {chop, *Contam rN+ MR+
                  | Stlth+} (You found it on level 9 of the Dungeon)
  7874 | D:9      | Gained mutation: You tend to lose your temper in combat.
                  | [mutagenic glow]
  8096 | D:9      | Lost mutation: You tend to lose your temper in combat.
                  | [potion of mutation]
  8096 | D:9      | Gained mutation: Your flesh is cold resistant. (rC+)
                  | [potion of mutation]
  8096 | D:9      | Gained mutation: You are frail. (-10% HP) [potion of
                  | mutation]
  8096 | D:9      | Gained mutation: You are partially covered in iridescent
                  | scales. (AC +2) [potion of mutation]
  8096 | D:9      | Gained mutation: You are partially covered in thin metallic
                  | scales. (AC +2) [potion of mutation]
  8115 | D:9      | Found a stormy altar of Qazlal.
  8155 | D:9      | Found Tikk's Weapon Boutique.
  8274 | D:9      | Killed a red ugly thing
  8290 | D:9      | Killed a brown very ugly thing
  8290 | D:9      | Reached *** piety under Okawaru
  8290 | D:9      | Reached skill level 5 in Conjurations
  8290 | D:9      | Reached skill level 5 in Hexes
  8290 | D:9      | Reached skill level 5 in Charms
  8290 | D:9      | Reached skill level 5 in Summonings
  8290 | D:9      | Reached skill level 5 in Necromancy
  8290 | D:9      | Reached skill level 5 in Translocations
  8290 | D:9      | Reached skill level 5 in Transmutations
  8290 | D:9      | Reached skill level 5 in Fire Magic
  8290 | D:9      | Reached skill level 5 in Ice Magic
  8290 | D:9      | Reached skill level 5 in Air Magic
  8290 | D:9      | Reached skill level 5 in Earth Magic
  8290 | D:9      | Reached skill level 5 in Poison Magic
  8292 | D:9      | Killed a brown ugly thing
  8303 | D:9      | Killed a cyan ugly thing
  8303 | D:9      | Received a gift from Okawaru
  8308 | D:9      | Found a runed translucent gate.
  8308 | D:9      | Found a runed translucent gate.
  8314 | D:9      | Noticed wazuzu's ghost (novice DsFi)
  8316 | D:9      | Found a runed translucent gate.
  8326 | D:9      | Gained mutation: Your body sometimes deteriorates upon
                  | taking damage. [a neqoxec]
  8326 | D:9      | Gained mutation: Your magical capacity is low. (-10% MP) [a
                  | neqoxec]
  8327 | D:9      | Noticed an orb spider
  8327 | D:9      | a wind drake changed into an orb spider
  8364 | D:9      | Noticed a fire crab
  8365 | D:9      | Killed a fire crab
  8382 | D:9      | Killed wazuzu's ghost
  8382 | D:9      | Reached **** piety under Okawaru
  8396 | D:9      | Lost mutation: You are partially covered in iridescent
                  | scales. (AC +2) [a neqoxec]
  8398 | D:9      | Gained mutation: Your body often deteriorates upon taking
                  | damage. [a neqoxec]
  8430 | D:9      | Got a smoking hat
  8450 | D:9      | Gained mutation: You are clumsy. (Dex -2) [mutagenic glow]
  8587 | D:9      | Gained mutation: You are weak. (Str -2) [mutagenic glow]
  8688 | D:9      | Lost mutation: Your magical capacity is low. (-10% MP)
                  | [potion of mutation]
  8688 | D:9      | Lost mutation: You are clumsy. (Dex -2) [potion of
                  | mutation]
  8688 | D:9      | Lost mutation: Your body often deteriorates upon taking
                  | damage. [potion of mutation]
  8688 | D:9      | Lost mutation: Your flesh is cold resistant. (rC+) [potion
                  | of mutation]
  8688 | D:9      | Gained mutation: You tend to lose your temper in combat.
                  | [potion of mutation]
  8688 | D:9      | Gained mutation: You are partially covered in molten
                  | scales. (AC +2) [potion of mutation]
  8688 | D:9      | Gained mutation: Your spells are a little harder to cast,
                  | but a little more powerful. [potion of mutation]
  8689 | D:9      | Lost mutation: Your spells are a little harder to cast, but
                  | a little more powerful. [potion of mutation]
  8689 | D:9      | Lost mutation: Your body sometimes deteriorates upon taking
                  | damage. [potion of mutation]
  8689 | D:9      | Lost mutation: You are partially covered in molten scales.
                  | (AC +2) [potion of mutation]
  8689 | D:9      | Lost mutation: You are frail. (-10% HP) [potion of
                  | mutation]
  8689 | D:9      | Gained mutation: Your flesh is cold resistant. (rC+)
                  | [potion of mutation]
  8690 | D:9      | Lost mutation: You tend to lose your temper in combat.
                  | [potion of mutation]
  8690 | D:9      | Lost mutation: You are weak. (Str -2) [potion of mutation]
  8690 | D:9      | Gained mutation: You occasionally shout uncontrollably at
                  | your foes. [potion of mutation]
  8690 | D:9      | Gained mutation: Your system is resistant to poisons.
                  | (rPois) [potion of mutation]
  8758 | D:10     | Entered Level 10 of the Dungeon
  8759 | D:10     | Noticed an unseen horror
  8795 | D:10     | Killed an unseen horror
  8963 | D:10     | Noticed a two-headed ogre
  8969 | D:10     | Killed a two-headed ogre
  9418 | D:10     | Noticed Grum
  9419 | D:10     | Found a staircase to the Lair.
  9451 | D:10     | Reached XP level 12. HP: 33/96 MP: 22/22
  9451 | D:10     | Killed Grum
  9451 | D:10     | Reached ***** piety under Okawaru
  9863 | D:10     | Learned a level 1 spell: Apportation
  9964 | D:10     | Noticed Harold
  9975 | D:10     | Killed Harold
 10077 | D:10     | Noticed Psyche
 10082 | D:10     | Killed Psyche
 10231 | D:11     | Noticed a two-headed ogre
 10369 | D:11     | Found an opulent altar of Gozag.
 10370 | D:11     | Found a runed translucent gate.
 10370 | D:11     | Found a runed translucent gate.
 10370 | D:11     | Found a runed translucent gate.
 10436 | D:11     | Found a roughly hewn altar of Beogh.
 10499 | D:12     | Killed a two-headed ogre
 11184 | D:11     | Identified the cursed +0 hat "Gosorrek" {rElec Regen+ rCorr
                  | Slay+4} (You found it on level 9 of the Dungeon)
 11190 | D:11     | Learned a level 3 spell: Conjure Flame
 11194 | D:11     | Learned a level 3 spell: Lesser Beckoning
 11196 | D:11     | Learned a level 1 spell: Summon Butterflies
 11460 | D:11     | Received a gift from Okawaru
 11590 | D:11     | Received a gift from Okawaru
 11597 | D:11     | Got a dazzling eveningstar {god gift}
 11598 | D:11     | Identified the +8 eveningstar "Daudedac" {freeze, rPois rF-
                  | rN+} (Okawaru gifted it to you on level 11 of the Dungeon)
 11611 | D:11     | Reached skill level 10 in Fighting
 11611 | D:11     | Reached skill level 10 in Armour
 11611 | D:11     | Reached skill level 10 in Shields
 11617 | D:11     | Got a blackened war axe
 11618 | D:11     | Identified the cursed +0 war axe "Woefu" {vamp, *Contam
                  | Fragile rElec Int+5} (You found it on level 11 of the
                  | Dungeon)
 11929 | D:11     | Found a staircase to the Orcish Mines.
 11952 | D:11     | Noticed a deep elf knight
 11952 | D:11     | Noticed topfpfpflanze's ghost (novice OpEE)
 11953 | D:11     | Noticed a centaur warrior
 11953 | D:11     | Noticed a yaktaur captain
 12105 | D:11     | Killed a centaur warrior
 12111 | D:11     | Killed a yaktaur captain
 12111 | D:11     | Reached XP level 13. HP: 103/103 MP: 17/24
 12121 | D:11     | Killed topfpfpflanze's ghost
 12205 | D:12     | Identified the Collected Works on Supportive Weightlessness
 12330 | D:12     | Reached ****** piety under Okawaru
 12342 | D:12     | Got a spiked leather armour
 12356 | D:12     | Identified the +3 leather armour of the Cicada {MR- Str+9
                  | Dex+2 SInv} (You found it on level 12 of the Dungeon)
 12381 | D:12     | You fall into a shaft and drop 1 floor!
 12421 | D:13     | Received a gift from Okawaru
 12452 | D:13     | Received a gift from Okawaru
 12455 | D:13     | Got a bloodstained buckler {god gift}
 12471 | D:13     | Identified the +0 buckler of Summer {rElec Str-2 Int+3}
                  | (Okawaru gifted it to you on level 13 of the Dungeon)
 12489 | D:13     | Noticed Sonja
 12496 | D:13     | Killed Sonja
 12649 | D:13     | You fall into a shaft and drop 2 floors!
 12649 | D:15     | Entered Level 15 of the Dungeon
 13918 | D:14     | Found a runed translucent gate.
 13921 | D:14     | Found a runed translucent gate.
 13924 | D:14     | Found a runed translucent gate.
 13935 | D:14     | Noticed Wyic's ghost (journeyman MiFi)
 13979 | D:14     | Killed Wyic's ghost
 14175 | D:14     | Slain by a white ugly thing

Levels and vault maps discovered:
D:1:      mrwooster_arrival_statue, layout_loops_cross
D:2:      layout_basic, bloody_trog
D:3:      layout_loops_cross, lemuel_doored_altar, cheibrodos_sewer_entry_drain
D:4:      layout_rooms, grunt_temple_overflow_champion_of_chaos,
          lemuel_blue_sif_altar, serial_shops, shop_statue
D:5:      layout_rooms, first_ration, minmay_chambers_of_fives
D:6:      layout_loops_ring, grunt_ministairs_4, tgw_kikubaaqudgha
D:7:      layout_rooms, minmay_temple_entry_drinking_statues, basic_altar,
          hangedman_ru_absence
D:8:      layout_cave_pools, nicolae_overflow_crystal_walls,
          dancing_weapons_uskayaw, minitemple, kennysheep_nub, uniq_erica
D:9:      layout_small_grid, serial_shops, shop,
          ploomutoo_gammafunk_ghost_potion_laboratory, basic_altar,
          minmay_shattered_shrine
D:10:     layout_basic, erik_lair_orcish_takeover, the_bakery, minivault_26,
          grunt_ministairs_2, uniq_psyche, uniq_grum, uniq_harold
D:11:     kennysheep_windowed_halls, layout_long_grid, david_orc_5,
          ebering_ghost_gozag
D:12:     layout_roguey
D:13:     layout_roguey, uniq_sonja
D:14:     layout_basic, david_vaults_4, gammafunk_ghost_hydra_chop,
          minmay_misc_feat_pillars
D:15:     grunt_enter_depths_snipers, layout_loops_ring, amethyst_killhole,
          grunt_dithmenos_smoke, uniq_roxanne, uniq_jorgrun

Skill      XL: |  1  2  3  4  5  6  7  8  9 10 11 12 13 |
---------------+----------------------------------------+-----
Invocations    | 1 2 3 4 5 6 7 8 9 |  9.3
Short Blades   | 1 2 3 4 5 6 7 8 |  8.5
Long Blades    | 1 2 3 4 5 6 7 8 |  8.5
Axes           | 1 2 3 4 5 6 7 8 |  8.5
Polearms       | 1 2 3 4 5 6 7 8 |  8.5
Staves         | 1 2 3 4 5 6 7 8 |  8.5
Slings         | 1 2 3 4 5 6 7 8 |  8.5
Bows           | 1 2 3 4 5 6 7 8 |  8.5
Crossbows      | 1 2 3 4 5 6 7 8 |  8.5
Throwing       | 1 2 3 4 5 6 7 8 |  8.5
Dodging        | 1 2 3 4 5 6 7 8 |  8.5
Stealth        | 1 2 3 4 5 6 7 8 |  8.5
Unarmed Combat | 1 2 3 4 5 6 7 8 |  8.5
Spellcasting   | 1 2 3 4 5 6 7 8 |  8.5
Evocations     | 1 2 3 4 5 6 7 8 |  8.5
Conjurations   | 1 2 3 4 5 6 7 |  7.1
Hexes          | 1 2 3 4 5 6 7 |  7.1
Charms         | 1 2 3 4 5 6 7 |  7.1
Summonings     | 1 2 3 4 5 6 7 |  7.1
Necromancy     | 1 2 3 4 5 6 7 |  7.1
Translocations | 1 2 3 4 5 6 7 |  7.1
Transmutations | 1 2 3 4 5 6 7 |  7.1
Fire Magic     | 1 2 3 4 5 6 7 |  7.1
Ice Magic      | 1 2 3 4 5 6 7 |  7.1
Air Magic      | 1 2 3 4 5 6 7 |  7.1
Earth Magic    | 1 2 3 4 5 6 7 |  7.1
Poison Magic   | 1 2 3 4 5 6 7 |  7.1
Maces & Flails | 5 6 7 8 9 |  9.7
Fighting       | 7 8 9 10 | 10.6
Armour         | 7 8 9 10 | 10.6
Shields        | 7 8 9 10 | 10.6

Action                   |  1- 3 |  4- 6 |  7- 9 | 10-12 | 13-15 || total
-------------------------+-------+-------+-------+-------+-------++-------
Melee: Flail             |    71 |       |    18 |       |       ||    89
       Bite              |    11 |    38 |    42 |   130 |    40 ||   261
       Whip              |    17 |   289 |    23 |       |       ||   329
       Morningstar       |       |       |   256 |   619 |       ||   875
       Hand axe          |       |       |       |     1 |       ||     1
       Eveningstar       |       |       |       |    31 |   175 ||   206
       Unarmed           |       |       |       |     6 |       ||     6
Invok: Heroism           |       |       |       |     9 |     2 ||    11
       Finesse           |       |       |       |     1 |     1 ||     2
Evoke: Wand              |       |       |       |     7 |     5 ||    12
  Use: Scroll            |     4 |     4 |    11 |     7 |     6 ||    32
       Potion            |       |       |     1 |     9 |       ||    10
 Stab: Sleeping          |       |       |       |    19 |     9 ||    28
       Invisible         |       |       |       |     6 |       ||     6
       Distracted        |       |       |       |     1 |       ||     1
  Eat: Chunk             |       |     6 |     9 |    12 |     4 ||    31
       Ration            |       |       |     1 |     2 |     1 ||     4
Armor: Scale mail        |    35 |    64 |       |   212 |    13 ||   324
       Chain mail        |       |    32 |   127 |     4 |       ||   163
       Leather armour    |       |       |       |       |    19 ||    19
Dodge: Dodged            |    28 |    98 |    92 |   326 |    96 ||   640
Block: Shield            |    41 |   223 |   183 |   525 |   136 ||  1108

Table legend:
 A = Non-vault XP
 B = Vault XP
 C = Vault XP percentage of total XP
 D = Non-vault monster count
 E = Vault monster count
 F = Vault count percentage of total count
                 A         B        C        D         E       F
            +---------+---------+-------+---------+---------+-------
      Total |   27377 |   23995 |  46.7 |     333 |     107 |  24.3
            +---------+---------+-------+---------+---------+-------
        D:1 |      32 |       0 |   0.0 |      17 |       0 |   0.0
        D:2 |      74 |       0 |   0.0 |      26 |       0 |   0.0
        D:3 |     199 |       4 |   2.0 |      27 |       2 |   6.9
        D:4 |     421 |      48 |  10.2 |      25 |       1 |   3.8
        D:5 |     561 |     219 |  28.1 |      15 |       2 |  11.8
        D:6 |     337 |     126 |  27.2 |       7 |       2 |  22.2
        D:7 |    1335 |       0 |   0.0 |      19 |       0 |   0.0
        D:8 |    1538 |     934 |  37.8 |      19 |       1 |   5.0
        D:9 |    1059 |    7816 |  88.1 |      23 |      20 |  46.5
       D:10 |    3810 |    2896 |  43.2 |      44 |      20 |  31.2
       D:11 |    3727 |    7739 |  67.5 |      48 |      35 |  42.2
       D:12 |    5098 |     695 |  12.0 |      27 |      12 |  30.8
       D:13 |    8006 |     802 |   9.1 |      29 |       1 |   3.3
       D:14 |     956 |    2605 |  73.2 |       6 |       2 |  25.0
       D:15 |     224 |       0 |   0.0 |       1 |       0 |   0.0
      Sewer |       0 |     111 | 100.0 |       0 |       9 | 100.0
            +---------+---------+-------+---------+---------+-------
